wayfoo, lawful female human Samurai ---- ---- |..| ---..| -----|..--- --.>..|# -- --- ---...---...| |......----..| --.-- --......|---.----......|....| --...---....|.-- |...|---.........- |..<..)..)----- ---.---....---..| - ---.....| --- |....-...---.-- |....-- --.-- ---.........- |.|.-- |...| ..........-- |.|-- --...| .---........-- |a| --..----.-.|..........| |.| |...|--..............-- |(|-- |...||..............-- |@|*-- |..--.-.............| |&...-----.---)-....|.......--- ---..........[....-----.......| |....----.......| |.%.....| --...| --......| ----..--- ----- ----.--- ---- --- wayfoo the Kunoichi Experience level: 9 Strength: 25 Dexterity: 15 Constitution: 18 Intelligence: 9 Wisdom: 8 Charisma: 7 Health: 0(83) Energy: 35(35) AC: 1 Gold: 1704 Moves: 6766 Your Inventory: Coins $ - 1704 gold pieces Weapons a - an uncursed rusty +0 katana (weapon in hand) c - an uncursed +0 yumi d - 23 uncursed +0 ya (in quiver) Armor s - an [uncursed] rusty +0 pair of gauntlets of power (being worn) R - a cursed +1 elven mithril-coat (being worn) S - a cursed +0 dwarvish cloak (being worn) T - a cursed +0 pair of jumping boots (being worn) X - an uncursed +0 kabuto (being worn) Y - an uncursed [+0] pair of low boots Comestibles e - an [uncursed] tripe ration g - an [uncursed] slime mold C - 2 uncursed apples U - 5 uncursed gunyoki Z - an uncursed C-ration Scrolls i - an [uncursed] scroll of light Rings k - a blessed [+1] glass ring [of increase accuracy] (on right hand) Wands h - an uncursed plastic wand [of undead turning (0:8)] t - an uncursed wand of teleportation [0:3] Tools b - an [uncursed wooden] flute j - an [uncursed] looking glass [mirror] l - an [uncursed] bell q - 5 uncursed [tallow] candles D - an uncursed [+0] pick-axe I - an uncursed towel J - an uncursed [oil] lamp (lit) K - an uncursed [+0] unicorn horn P - an uncursed osaku Spells known in the end: Name Level Category Fail Memory a - slow monster 2 enchantment 100% [||||||||] b - knock 1 matter 100% [||||||||] c - sleep 1 enchantment 100% [||||||||] Your skills at the end: Fighting Skills martial arts [Basic / Master] body armor [Basic / Expert] Weapon Skills short sword [Basic / Expert] long sword [Skilled / Expert] bow [Basic / Expert] Spellcasting Skills Final Attributes: You were piously aligned. Hunger level was 987. Your alignment was 43 / 43. Monster difficulty range was 1 - 9. Level difficulty was 10. You resisted poison. You were telepathic. You aggravated monsters. You could jump. You had a +1 bonus to hit. You were fast. You were lucky (1). You are dead. Vanquished creatures: a ghost a bone devil a water elemental 2 wargs 2 small mimics an ochre jelly a pit viper a python a soldier a scorpion a black light a vampire bat a dwarf mummy a lizard a housecat 2 dwarf lords a gray unicorn a dust vortex a bugbear an imp a wood nymph 2 rock piercers a rock mole a pony a fog cloud 2 shriekers a violet fungus 7 gnome lords 3 gnomish wizards a black naga hatchling a guardian naga hatchling a wax golem 8 giant ants 3 little dogs 4 floating eyes 3 homunculi 2 monkeys 2 orc zombies a wererat 2 iguanas an acid blob a hobbit 5 manes 2 hobgoblins 6 giant rats 2 cave spiders 55 gnomes 2 garter snakes a gnome zombie 5 geckos 14 jackals 3 foxes a kobold 3 goblins a sewer rat 11 grid bugs 3 bats 7 lichens 2 newts 195 creatures vanquished. Voluntary challenges: You used a wielded weapon 221 times. You read items or engraved 7 times. You put on armor 7 times. You never genocided any monsters. You never polymorphed an object. You never changed form. You used no wishes. You never wrote Elbereth's name. You encountered 1 bones level. You never used any Sokoban shortcuts. Dungeon overview: The Dungeons of Doom: levels 1 to 4 Level 1 (gold in walls) a fountain a long staircase Level 2 a fountain, a sink Level 3 a general store Level 4 a fountain stairs to The Gnomish Mines The Gnomish Mines: levels 5 to 10 Level 5 stairs to The Dungeons of Doom Level 8 many shops, a temple, a magic chest, some fountains Level 10 <- You were here History has recorded: On T:1 you entered the Dungeons of Doom to retrieve the Amulet of Yendor! On T:474 you reached level 2 of The Dungeons of Doom. On T:524 you advanced to experience level 2. On T:602 you advanced to experience level 3. On T:796 you advanced to experience level 4. On T:1882 you advanced to experience level 5. On T:2088 you reached level 3 of The Dungeons of Doom. On T:2361 you advanced to experience level 6. On T:2695 you reached level 4 of The Dungeons of Doom. On T:3201 you reached level 1 of The Gnomish Mines. On T:3253 you advanced to experience level 7. On T:3541 you reached level 2 of The Gnomish Mines. On T:3917 you advanced to experience level 8. On T:3933 you reached level 3 of The Gnomish Mines. On T:4211 you reached level 4 of The Gnomish Mines. On T:5355 you reached level 5 of The Gnomish Mines. On T:5872 you advanced to experience level 9. On T:6548 you reached level 6 of The Gnomish Mines. Latest messages: You miss the bone devil. The bone devil thrusts its dagger. The bone devil hits! The bone devil stings! [HP-14=44] You hit the bone devil! [HP+1=45] You hit the bone devil! The bone devil thrusts its dagger. The bone devil hits! The bone devil stings! [HP-17=28] You hit the bone devil! The bone devil thrusts its dagger. The bone devil hits! The bone devil stings! [HP-16=12] You kill the bone devil! You hit the bone devil! The bone devil hits! The bone devil stings! You die... Final status: Sayonara wayfoo the Samurai... You died in The Gnomish Mines on dungeon level 10 with 6616 points, and 1704 pieces of gold, after 6766 moves. You were level 9 with a maximum of 83 hit points when you died.